[ AOE2 MATCH · #495720814 ]
UnrankedTatars vs Vietnamese
Player's team · WIN
Rival team · LOSS
[ REPLAY ANALYSIS · EXTRACTED FROM THE RECORDED GAME ]
Feudal
10:29
Castle
26:51
Imperial
—
| APM avg | 49.2 |
| APM peak | 74 |
| eAPM avg | 19.6 |
| Villagers / military | 53 / 42 |
Focus
⚔️ 29.4% · 🌾 70.6%
Archer ×17 · Skirmisher ×14 · Scout Cavalry ×8 · Knight ×2 · Trade Cart ×1 · Steppe Lancer ×1
Feudal
10:57
Castle
23:01
Imperial
—
| APM avg | 74.5 |
| APM peak | 109 |
| eAPM avg | 30.2 |
| Villagers / military | 47 / 28 |
Focus
⚔️ 43.1% · 🌾 56.9%
Skirmisher ×12 · Scout Cavalry ×7 · Knight ×3 · Militia ×3 · Fire Lancer ×2 · Mangonel ×1
Match map
Initial resources + every placement click. Lines = walls · curves = elevation contours. ◆ gold · ⬟ stone · ● berries · ✦ relic · ◌ wall gap
Your base· Open — 5t gap
Emperor Dan's base· Open — unwalled flank
Smoothed initial terrain · ◌ = detected wall gap · hover for details
Inputs per minute
— simonthepope - - Emperor Dan
Build order — simonthepope
First 150 of 179 actions detected
| 0:00 | Create | Villager (Male) ×4 |
| 0:05 | Build | House |
| 0:06 | Build | House |
| 1:27 | Create | Villager (Male) |
| 1:50 | Create | Villager (Male) |
| 1:52 | Build | Lumber Camp |
| 2:32 | Create | Villager (Male) |
| 2:32 | Create | Villager (Male) |
| 2:34 | Build | House |
| 2:51 | Create | Villager (Male) |
| 3:00 | Create | Villager (Male) |
| 3:31 | Create | Villager (Male) |
| 4:04 | Build | Mill |
| 4:09 | Create | Villager (Male) |
| 4:43 | Create | Villager (Male) |
| 4:48 | Create | Villager (Male) |
| 4:48 | Create | Villager (Male) |
| 5:30 | Build | House |
| 5:44 | Build | House |
| 5:53 | Build | Palisade Wall |
| 6:05 | Create | Villager (Male) |
| 6:05 | Create | Villager (Male) |
| 6:15 | Build | Palisade Wall |
| 7:04 | Create | Villager (Male) |
| 7:04 | Create | Villager (Male) |
| 7:28 | Research | Loom |
| 8:00 | Build | Palisade Wall |
| 8:04 | Build | House |
| 8:05 | Build | Palisade Wall |
| 8:10 | Research | Feudal Age |
| 8:33 | Build | Palisade Wall |
| 8:34 | Build | Palisade Wall |
| 8:36 | Build | Palisade Wall |
| 8:38 | Build | Palisade Wall |
| 8:45 | Build | House |
| 8:50 | Create | Villager (Male) |
| 8:56 | Build | Barracks |
| 8:57 | Build | Palisade Wall |
| 9:15 | Build | Palisade Gate |
| 10:07 | Create | Villager (Male) |
| 10:29 | Age | Feudal Age |
| 10:30 | Build | Archery Range |
| 10:37 | Research | Double-Bit Axe |
| 11:06 | Build | Blacksmith |
| 11:09 | Build | House |
| 11:12 | Create | Villager (Male) |
| 11:27 | Create | Villager (Male) |
| 11:29 | Create | Archer |
| 11:31 | Create | Skirmisher |
| 11:32 | Create | Villager (Male) |
| 11:58 | Create | Villager (Male) |
| 12:00 | Create | Skirmisher |
| 12:09 | Build | Farm |
| 12:11 | Build | Farm |
| 12:14 | Build | House |
| 12:17 | Build | Palisade Wall |
| 12:23 | Create | Villager (Male) |
| 12:35 | Create | Villager (Male) |
| 12:38 | Build | Mining Camp |
| 12:47 | Create | Villager (Male) |
| 12:56 | Build | Farm |
| 12:58 | Create | Villager (Male) |
| 13:00 | Create | Villager (Male) |
| 13:07 | Build | Farm |
| 13:13 | Create | Skirmisher |
| 13:25 | Create | Villager (Male) |
| 13:37 | Create | Villager (Male) |
| 13:48 | Build | Archery Range |
| 13:57 | Create | Skirmisher |
| 14:19 | Research | Padded Archer Armor |
| 14:20 | Create | Villager (Male) |
| 14:22 | Build | Farm |
| 14:23 | Build | Farm |
| 14:59 | Create | Skirmisher |
| 15:00 | Create | Skirmisher |
| 15:04 | Create | Villager (Male) |
| 15:05 | Research | Fletching |
| 15:18 | Build | Farm |
| 15:19 | Build | Farm |
| 15:20 | Build | Farm |
| 15:20 | Build | Farm |
| 15:35 | Create | Skirmisher |
| 15:36 | Create | Skirmisher |
| 15:42 | Create | Villager (Male) |
| 15:45 | Create | Archer |
| 15:48 | Build | Farm |
| 16:03 | Create | Skirmisher |
| 16:16 | Create | Villager (Male) |
| 16:17 | Build | House |
| 16:20 | Build | House |
| 16:22 | Create | Villager (Male) |
| 16:30 | Build | Market |
| 16:35 | Create | Archer |
| 17:02 | Create | Archer |
| 17:02 | Create | Archer |
| 17:05 | Build | House |
| 17:21 | Build | Farm |
| 17:22 | Create | Villager (Male) |
| 17:23 | Create | Archer |
| 17:31 | Build | Farm |
| 17:34 | Create | Villager (Male) |
| 17:40 | Create | Archer |
| 17:40 | Create | Skirmisher |
| 17:40 | Create | Skirmisher |
| 17:52 | Create | Villager (Male) |
| 18:20 | Build | House |
| 18:29 | Build | Stable |
| 18:48 | Create | Skirmisher |
| 18:48 | Create | Skirmisher |
| 18:49 | Create | Villager (Male) |
| 18:50 | Create | Villager (Male) |
| 18:51 | Build | House |
| 19:00 | Create | Villager (Male) |
| 19:03 | Research | Scale Barding Armor |
| 19:17 | Create | Skirmisher |
| 19:22 | Build | Mill |
| 19:23 | Build | Farm |
| 19:23 | Build | Farm |
| 19:23 | Build | Farm |
| 19:23 | Build | Farm |
| 19:32 | Create | Scout Cavalry |
| 19:39 | Build | Lumber Camp |
| 20:19 | Create | Villager (Male) |
| 20:21 | Create | Trade Cart |
| 20:24 | Create | Archer |
| 20:29 | Create | Scout Cavalry |
| 20:33 | Create | Villager (Male) |
| 20:41 | Build | House |
| 20:43 | Build | House |
| 20:46 | Build | Farm |
| 20:47 | Build | Farm |
| 20:47 | Build | Farm |
| 20:47 | Build | Farm |
| 20:47 | Build | Farm |
| 20:49 | Create | Scout Cavalry |
| 20:49 | Create | Scout Cavalry |
| 21:00 | Research | Bloodlines |
| 21:06 | Build | Stable |
| 21:11 | Create | Archer |
| 21:18 | Create | Scout Cavalry |
| 21:35 | Create | Villager (Male) |
| 21:41 | Create | Villager (Male) |
| 21:46 | Build | Farm |
| 21:53 | Create | Villager (Male) |
| 22:00 | Build | Farm |
| 22:00 | Build | Farm |
| 22:01 | Build | Farm |
| 22:11 | Create | Villager (Male) |
| 22:16 | Build | Mining Camp |
| 22:21 | Create | Scout Cavalry |
Build order — Emperor Dan
134 actions detected in the replay
| 0:01 | Create | Villager (Male) |
| 0:01 | Create | Villager (Male) |
| 0:02 | Create | Villager (Male) |
| 0:02 | Create | Villager (Male) |
| 0:03 | Build | House |
| 0:05 | Build | House |
| 1:33 | Create | Villager (Male) |
| 1:56 | Build | Lumber Camp |
| 2:00 | Create | Villager (Male) |
| 2:29 | Create | Villager (Male) |
| 2:49 | Create | Villager (Male) |
| 2:58 | Build | House |
| 3:08 | Create | Villager (Male) |
| 3:35 | Create | Villager (Male) |
| 4:07 | Create | Villager (Male) |
| 4:25 | Build | Barracks |
| 4:37 | Create | Villager (Male) |
| 5:13 | Create | Villager (Male) |
| 5:21 | Create | Militia |
| 5:23 | Build | House |
| 5:46 | Create | Militia |
| 5:58 | Create | Villager (Male) |
| 6:14 | Create | Militia |
| 6:32 | Create | Villager (Male) |
| 6:47 | Build | Mill |
| 6:51 | Create | Villager (Male) |
| 7:10 | Create | Villager (Male) |
| 7:20 | Create | Villager (Male) |
| 7:24 | Research | Loom |
| 7:52 | Create | Villager (Male) |
| 8:08 | Build | House |
| 8:47 | Research | Feudal Age |
| 8:52 | Build | Mining Camp |
| 10:01 | Create | Villager (Male) |
| 10:37 | Create | Villager (Male) |
| 10:57 | Age | Feudal Age |
| 10:57 | Build | Mill |
| 11:06 | Build | Archery Range |
| 11:10 | Research | Man-at-Arms (upgrade) |
| 11:12 | Research | Double-Bit Axe |
| 11:13 | Create | Villager (Male) |
| 11:41 | Create | Villager (Male) |
| 11:53 | Build | Blacksmith |
| 11:53 | Create | Skirmisher |
| 11:54 | Create | Skirmisher |
| 12:12 | Create | Skirmisher |
| 12:17 | Build | House |
| 12:21 | Build | Farm |
| 12:36 | Build | House |
| 12:46 | Create | Skirmisher |
| 12:55 | Research | Fletching |
| 13:08 | Build | Mill |
| 13:13 | Create | Skirmisher |
| 13:43 | Create | Skirmisher |
| 14:13 | Create | Villager (Male) |
| 14:14 | Create | Villager (Male) |
| 14:41 | Create | Villager (Male) |
| 14:49 | Create | Villager (Male) |
| 14:53 | Build | Farm |
| 14:53 | Build | Farm |
| 14:56 | Build | Farm |
| 15:13 | Create | Villager (Male) |
| 15:16 | Create | Skirmisher |
| 15:19 | Build | Stable |
| 15:34 | Create | Villager (Male) |
| 15:49 | Build | Farm |
| 15:50 | Build | Farm |
| 16:03 | Create | Scout Cavalry |
| 16:07 | Create | Skirmisher |
| 16:15 | Create | Scout Cavalry |
| 16:19 | Build | Farm |
| 16:56 | Research | Padded Archer Armor |
| 17:08 | Build | Farm |
| 17:12 | Build | Farm |
| 17:12 | Create | Villager (Male) |
| 17:13 | Create | Villager (Male) |
| 17:41 | Create | Villager (Male) |
| 17:42 | Create | Villager (Male) |
| 17:46 | Build | Farm |
| 17:47 | Build | Farm |
| 17:48 | Build | Farm |
| 18:08 | Build | House |
| 18:10 | Build | Farm |
| 18:12 | Build | Farm |
| 18:35 | Create | Villager (Male) |
| 18:38 | Build | Market |
| 18:49 | Build | House |
| 19:16 | Build | Farm |
| 19:24 | Create | Villager (Male) |
| 19:28 | Create | Villager (Male) |
| 19:32 | Build | Farm |
| 20:21 | Research | Castle Age |
| 20:27 | Research | Horse Collar |
| 20:27 | Research | Horse Collar |
| 20:39 | Create | Scout Cavalry |
| 20:45 | Build | Lumber Camp |
| 21:00 | Create | Scout Cavalry |
| 21:06 | Create | Villager (Male) |
| 21:25 | Research | Scale Barding Armor |
| 21:38 | Create | Scout Cavalry |
| 21:46 | Create | Skirmisher |
| 21:46 | Create | Skirmisher |
| 21:56 | Create | Villager (Male) |
| 21:59 | Create | Scout Cavalry |
| 22:09 | Create | Villager (Male) |
| 22:11 | Create | Scout Cavalry |
| 22:32 | Research | Bloodlines |
| 23:01 | Age | Castle Age |
| 23:04 | Research | Light Cavalry (upgrade) |
| 23:07 | Create | Skirmisher |
| 23:07 | Create | Skirmisher |
| 23:10 | Build | Siege Workshop |
| 23:24 | Create | Knight |
| 23:25 | Create | Knight |
| 23:44 | Create | Fire Lancer |
| 23:44 | Create | Fire Lancer |
| 23:57 | Build | Watch Tower |
| 24:33 | Create | Villager (Male) |
| 24:51 | Build | Lumber Camp |
| 25:05 | Create | Mangonel |
| 25:31 | Create | Villager (Male) |
| 25:47 | Create | Villager (Male) |
| 26:00 | Create | Knight |
| 26:12 | Build | House |
| 26:17 | Build | Palisade Wall |
| 26:20 | Build | Palisade Wall |
| 26:26 | Build | Stone Wall |
| 26:34 | Create | Villager (Male) |
| 26:42 | Create | Villager (Male) |
| 26:43 | Create | Villager (Male) |
| 26:50 | Build | Palisade Wall |
| 27:09 | Create | Villager (Male) |
| 27:25 | Create | Villager (Male) |
| 27:36 | Build | Farm |
Match timeline
| 4:25 | Emperor Dan · first_building Barracks |
| 5:53 | simonthepope · wall_segment Palisade Wall x4 |
| 6:15 | simonthepope · wall_segment Palisade Wall x1 |
| 8:00 | simonthepope · wall_segment Palisade Wall x11 |
| 8:05 | simonthepope · wall_segment Palisade Wall x1 |
| 8:33 | simonthepope · wall_segment Palisade Wall x1 |
| 8:34 | simonthepope · wall_segment Palisade Wall x1 |
| 8:36 | simonthepope · wall_segment Palisade Wall x1 |
| 8:38 | simonthepope · wall_segment Palisade Wall x1 |
| 8:56 | simonthepope · first_building Barracks |
| 8:57 | simonthepope · wall_segment Palisade Wall x1 |
| 10:29 | simonthepope · age_up feudal |
| 10:30 | simonthepope · first_building Archery Range |
| 10:57 | Emperor Dan · age_up feudal |
| 11:06 | Emperor Dan · first_building Archery Range |
| 12:17 | simonthepope · wall_segment Palisade Wall x1 |
| 15:19 | Emperor Dan · first_building Stable |
| 18:29 | simonthepope · first_building Stable |
| 19:45 | Emperor Dan · first_market_sell 100 stone |
| 19:46 | Emperor Dan · first_market_buy 100 food |
| 20:00 | simonthepope · first_market_sell 100 stone |
| 20:02 | simonthepope · first_market_buy 100 food |
| 23:01 | Emperor Dan · age_up castle |
| 23:10 | Emperor Dan · first_building Siege Workshop |
| 26:17 | Emperor Dan · wall_segment Palisade Wall x1 |
| 26:20 | Emperor Dan · wall_segment Palisade Wall x1 |
| 26:26 | Emperor Dan · wall_segment Stone Wall x1 |
| 26:50 | Emperor Dan · wall_segment Palisade Wall x1 |
| 26:51 | simonthepope · age_up castle |
| 27:48 | Emperor Dan · resign |
[ AI ANALYSIS · 1 CREDIT ]
What really happened in this match?
Wolo.gg analyzes every decision: build order, eco, micro, common mistakes by bracket. Personalized analysis on WhatsApp or Discord in 30 seconds.
Civ guide
Tatars
Perfil
Jugador #10425540